[Event "5th Nebesna Sotnya Blitz 2018"]
[Site "Lutsk"]
[Date "2018.02.16"]
[Round "4"]
[White "Mosesov, Danylo"]
[Black "Yarmysty, Mikhail"]
[Result "0-1"]
[ECO "B07"]
[WhiteElo "2271"]
[BlackElo "2300"]
[Annotator "NA RC"]
[PlyCount "89"]
[EventDate "2018.??.??"]
[EventType "swiss"]
[EventCountry "UKR"]
[SourceTitle "playchess.com"]
[Source "ChessBase"]
[SourceQuality "1"]
[TimeControl "180+2"]

1. d4 d6 2. e4 Nf6 3. Nc3 c6 4. Bg5 Nbd7 5. Qd2 e5 6. Nf3 Be7 7. h3 b5 8. a3 O-O 9. Bd3 Bb7 10. O-O a6 11. Rfe1 h6 12. Be3 Re8 13. Rad1 Bf8 14. dxe5 dxe5 15. Ne2 c5 16. Ng3 c4 17. Bf1 Nc5 18. Qxd8 Raxd8 19. Rxd8 Rxd8 20. Nxe5 Nfxe4 21. Nxe4 Nxe4 22. f3 Ng3 23. Kf2 Nf5 24. Bb6 Rd6 25. Ba7 Rd2+ 26. Re2 Rd1 27. g4 Nd4 28. Bxd4 Rxd4 29. Kg3 g5 30. c3 Rd1 31. Bg2 Bd6 32. Kf2 Bc5+ 33. Kg3 Kg7 34. f4 Bxg2 35. Rxg2 gxf4+ 36. Kxf4 Bd6 37. Re2 f6 38. Kf5 Bxe5 39. h4 Rf1+ 40. Ke6 Rg1 41. Rd2 Rxg4 42. h5 Rg5 43. Rd7+ Kh8 44. Ra7 Rxh5 45. Ra8+ 0-1

[Event "5th Nebesna Sotnya Blitz 2018"]
[Site "Lutsk"]
[Date "2018.02.16"]
[Round "10"]
[White "Mirzoev, Emil"]
[Black "Yarmysty, Mikhail"]
[Result "1-0"]
[ECO "B07"]
[WhiteElo "2405"]
[BlackElo "2300"]
[Annotator "NA"]
[PlyCount "69"]
[EventDate "2018.??.??"]
[EventType "swiss"]
[EventCountry "UKR"]
[SourceTitle "playchess.com"]
[Source "ChessBase"]
[SourceQuality "1"]
[TimeControl "180+2"]

1. d4 d6 2. e4 Nf6 3. Nc3 c6 4. Nge2 Nbd7 5. h3 b5 6. a3 e5 7. g4 Be7 8. Bg2 O-O 9. O-O Nb6 10. b3 a6 11. Be3 Nfd7 12. f4 Bb7 13. Ng3 exd4 14. Qxd4 Bf6 15. Qd2 Re8 16. g5 Be7 17. Nf5 Nc5 18. Rad1 d5 19. Qf2 Ncd7 20. Nxe7+ Rxe7 21. exd5 Nxd5 22. Nxd5 cxd5 23. Bd4 Qc7 24. f5 Rae8 25. Rd2 Ne5 26. f6 Re6 27. fxg7 Ng6 28. h4 Re4 29. h5 Nf4 30. h6 Ne2+ 31. Rxe2 Rxe2 32. Qf3 R2e6 33. Bh3 Bc8 34. Bf5 Rg6 35. Bxg6 1-0